AoeStats
← Katharziz

Arabian Desert

509424322Analyzed
1v1 RM · 7d ago on Sep 26, 2026· 35m 36s· 2 players
Game mode
Random Map
Map size
Tiny (2 player)
Population
200
Speed
Normal
Resources
Standard
Victory
Conquest
Starting age
Dark Age
Ending age
Imperial Age
RankedLock teamsTeams togetherTeam positionsShared explorationLock speedFull tech treeHidden civsTurbo modeCheats
Victory
Defeat
🇩🇪 Armenians · Germany
1062
+17
🇵🇱 Japanese · Poland
1089
-17
Onkel Olli
7:26 Loom
9:58 Feudal Age
10:12 Man-at-Arms
13:18 Long Swordsman
15:09 Double-Bit Axe
17:20 Horse Collar
21:17 Castle Age
21:34 Fletching
23:07 Bodkin Arrow
24:23 Bow Saw
27:18 Ballistics
26:21 Elite Skirmisher
38:18 Imperial Age
Katharziz
6:13 Loom
9:57 Feudal Age
10:11 Man-at-Arms
10:53 Double-Bit Axe
21:17 Fletching
24:27 Castle Age
23:01 Padded Archer Armor
22:48 Horse Collar
24:34 Crossbowman
25:53 Thumb Ring
25:56 Bodkin Arrow
27:51 Wheelbarrow
28:56 Leather Archer Armor
29:26 Bow Saw
29:19 Heavy Plow
29:14 Elite Skirmisher
36:32 Imperial Age
34:38 Ballistics
35:48 Gambesons
Connection lost

Rejoining the realm…

Still unreachable

The connection could not be restored.

Session expired

The server has moved on; the page needs a fresh start.